 Dungeon Crawl Stone Soup version 0.22-a0-348-gd16d139 (webtiles) character file.

784 sankara the Slasher (level 8, -1/51 HPs)
             Began as a Halfling Berserker on Apr 9, 2018.
             Was a Priest of Trog.
             Slain by a worker ant (4 damage)
             ... on level 4 of the Dungeon.
             The game lasted 00:16:47 (4493 turns).

sankara the Slasher (Halfling Berserker)            Turns: 4493, Time: 00:16:47

Health: -1/51      AC:  3    Str: 18    XL:     8   Next: 11%
Magic:  8/8        EV: 17    Int:  9    God:    Trog [***...]
Gold:   212        SH:  0    Dex: 16    Spells: 7/7 levels left

rFire    . . .     SeeInvis .   d - +0 falchion
rCold    . . .     Gourm    .   (shield restricted)
rNeg     . . .     Faith    .   b - +0 animal skin
rPois    .         Spirit   .   (no helmet)
rElec    .         Reflect  .   (no cloak)
rCorr    .         Harm     .   s - +0 pair of gloves "Earthly Heaven" {Int+4}
MR       ++...                  (no boots)
Stlth    +++.......             (no amulet)
HPRegen  1.17/turn              (no ring)
MPRegen  0.11/turn              (no ring)

@: lethally poisoned (-1 -> -1), berserk cooldown, regenerating
A: small, mutation resistance 1
a: Berserk, Trog's Hand, Renounce Religion


You were on level 4 of the Dungeon.
You worshipped Trog.
Trog was most pleased with you.
You were near starving.

You visited 1 branch of the dungeon, and saw 4 of its levels.

You collected 212 gold pieces.

Inventory:

Hand Weapons
 c - a +0 dagger of speed
   (You took it off a kobold on level 1 of the Dungeon)
 d - a +0 falchion (weapon)
 e - a +0 hunting sling
   (You found it on level 1 of the Dungeon)
 l - a +2 short sword of venom
   (You took it off a kobold on level 2 of the Dungeon)
 r - a +0 blowgun
   (You took it off a kobold on level 3 of the Dungeon)
Missiles
 a - 64 stones (quivered)
 h - 24 poisoned needles
 q - 17 sling bullets
Armour
 b - a +0 animal skin (worn)
 s - the +0 pair of gloves "Earthly Heaven" (worn) {Int+4}
   (You found it on level 4 of the Dungeon)

   It affects your intelligence (+4).
Jewellery
 j - an uncursed ring of fire {rF+, rC-}
   (You found it on level 1 of the Dungeon)
Wands
 t - a wand of paralysis (1)
   (You took it off Pikel on level 4 of the Dungeon)
Scrolls
 i - 4 scrolls of identify {unknown}
 k - 3 scrolls of teleportation {unknown}
 n - a scroll of enchant weapon {unknown}
 o - a scroll of remove curse {unknown}
 u - a scroll of amnesia {unknown}
 w - a scroll of noise {unknown}
Potions
 f - 2 potions of haste {unknown}
 m - a potion of cancellation {unknown}
 p - a potion of brilliance {unknown}
Comestibles
 g - 5 rations
 v - 2 chunks of flesh {@w0}


   Skills:
 - Level 2.6 Fighting
 - Level 3.0(5.1) Short Blades
 * Level 5.3(5.6) Long Blades
 + Level 3.9(4.9) Slings
 + Level 3.0(3.5) Throwing
 - Level 2.1 Armour
 + Level 4.0 Dodging
 + Level 4.2 Stealth


You had 7 spell levels left.
You didn't know any spells.

Dungeon Overview and Level Annotations

Branches:
Dungeon (4/15)
 Temple: D:4-7

Altars:
Ru

Annotations:
D:3 Patate's ghost, amateur HOFi


Innate Abilities, Weirdness & Mutations

You are small and have problems with some larger weapons.
You are somewhat resistant to further mutation.


Message History

The orc is moderately wounded.
The orc misses you.
You hit the orc.
You kill the orc!
Trog accepts your kill. The goblin completely misses you.
The orc barely misses you. The goblin barely misses you.
You riposte.
You hit the goblin.
The goblin is almost dead.
The orc barely misses you.
You hit the goblin.
You kill the goblin!
Trog accepts your kill. The orc misses you.
You riposte.
You hit the orc.
You kill the orc!
Trog accepts your kill. The worker ant closely misses you.
An orc comes into view. It is wielding a dagger.
You hit the worker ant but do no damage.
The worker ant closely misses you. The worker ant bites you.
You are poisoned.
The worker ant poisons you!
You completely miss the worker ant.
You feel sick. The worker ant completely misses you.
You closely miss the worker ant.
You feel sick.
The orc wizard is no longer moving quickly.
The worker ant bites you but does no damage.
The worker ant bites you.
You are more poisoned.
The worker ant poisons you!
You are too injured to fight recklessly!
You are too injured to fight recklessly!
You are too injured to fight recklessly!
You are too injured to fight recklessly!
You hit the worker ant.
The worker ant is moderately wounded.
You feel sick.
The worker ant misses you. x2; You riposte.
You barely miss the worker ant.
The worker ant is moderately wounded.
A scorpion comes into view.
Your skin crawls.
You feel resistant to hostile enchantments.
You are near starving!
You feel sick. The orc closely misses you. The worker ant misses you.
The scorpion moves out of view.
The orc closely misses you. The worker ant closely misses you.
You hit the worker ant but do no damage.
The worker ant is moderately wounded.
You feel sick. The worker ant bites you. The orc hits you but does no damage.
The worker ant completely misses you.
You riposte.
You closely miss the worker ant.
The worker ant is moderately wounded.
The orc closely misses you.
You hit the worker ant.
The worker ant is moderately wounded.
You feel yourself speed up.
You feel sick. The worker ant bites you. The orc hits you with a dagger.
The worker ant closely misses you.
You hit the worker ant but do no damage.
The worker ant is moderately wounded.
You feel sick. The orc barely misses you. The worker ant barely misses you.
You riposte.
You hit the worker ant but do no damage.
The worker ant is moderately wounded.
You closely miss the worker ant.
The worker ant is moderately wounded.
You feel sick. The orc hits you with a dagger.
The worker ant bites you but does no damage.
You barely miss the worker ant.
The worker ant is moderately wounded.
You feel sick. The worker ant misses you. The orc misses you.
You riposte.
You slash the orc!
You kill the orc!
Trog accepts your kill.
You hit the worker ant.
The worker ant is moderately wounded.
The worker ant misses you.
A goblin comes into view.
The goblin shouts!
You hit the worker ant but do no damage.
The worker ant is moderately wounded.
You feel sick. The worker ant misses you. The worker ant bites you.
An orc wizard comes into view. It is wielding a dagger.
You hit the worker ant.
The worker ant is heavily wounded.
You feel sick.
The orc wizard casts a spell.
The orc wizard seems to speed up.
The worker ant bites you!
* * * LOW HITPOINT WARNING * * *
The orc wizard gestures wildly while chanting.
The orc wizard blinks!
You hit the worker ant.
The worker ant is almost dead.
The worker ant barely misses you. The orc wizard casts a spell at you.
The magic dart hits you!
* * * LOW HITPOINT WARNING * * *
You hit the worker ant but do no damage.
The worker ant is almost dead.
You feel sick. The worker ant bites you.
You die...

#. ####.###### #.
.......## ###.##.......#
... ........# #
.#####)###.#....# #
.o....)@ag...#.#########
'#########...#...p......
.....................>
.###.###.#.#...###.#..
#.#.....# #.###
###..#..# #.... #..##.#
#.### #..##..##.#
..........#


You could see a worker ant, an orc wizard and a goblin.

Vanquished Creatures
  Pikel (D:4)
  3 slaves
  An ogre (D:4)
  An orc priest (D:4)
  An orc wizard (D:2)
  Robin (D:4)
  4 adders
  An ooze (D:2)
  An adder skeleton (D:4)
  4 worms
  2 dart slugs
  6 leopard geckos
  6 orcs
  3 giant cockroaches (D:2)
  14 goblins
  13 hobgoblins
  9 jackals
  A quokka (D:4)
  A ball python (D:2)
  9 bats
  3 frilled lizards
  9 kobolds
  4 rats
98 creatures vanquished.

Vanquished Creatures (others)
  A howler monkey (D:4)
1 creature vanquished.

Grand Total: 99 creatures vanquished

Notes
Turn   | Place    | Note
-------+----------+-------------------------------------------
     0 | D:1      | sankara the Halfling Berserker began the quest for the Orb.
     0 | D:1      | Reached XP level 1. HP: 15/15 MP: 1/1
   203 | D:1      | Reached skill level 1 in Stealth
   203 | D:1      | Reached XP level 2. HP: 16/20 MP: 2/2
   609 | D:1      | Reached XP level 3. HP: 25/25 MP: 3/3
   991 | D:2      | Found a sacrificial altar of Ru.
  1001 | D:2      | Reached skill level 1 in Throwing
  1001 | D:2      | Reached skill level 2 in Stealth
  1001 | D:2      | Reached XP level 4. HP: 28/30 MP: 4/4
  1116 | D:2      | Reached skill level 1 in Slings
  1228 | D:2      | Reached skill level 1 in Short Blades
  1281 | D:2      | Reached ** piety under Trog
  1464 | D:2      | Reached XP level 5. HP: 35/35 MP: 5/5
  2322 | D:3      | Noticed Patate's ghost (amateur HOFi)
  2341 | D:3      | HP: 12/52 [Patate's ghost (9)]
  2581 | D:3      | Reached skill level 3 in Dodging
  3096 | D:3      | Reached skill level 3 in Stealth
  3277 | D:4      | Noticed Pikel
  3277 | D:4      | Noticed a slave
  3277 | D:4      | Noticed a slave
  3277 | D:4      | Noticed a slave
  3277 | D:4      | Noticed a slave
  3282 | D:4      | Paralysed by Pikel for 2 turns
  3286 | D:4      | Paralysed by Pikel for 3 turns
  3290 | D:4      | Paralysed by Pikel for 6 turns
  3598 | D:2      | Killed a slave
  3808 | D:3      | HP: 12/52 [slave[Pikel] (6)]
  3811 | D:3      | Killed a slave
  4049 | D:3      | Killed a slave
  4204 | D:4      | Killed Pikel
  4204 | D:4      | Reached skill level 3 in Short Blades
  4204 | D:4      | Reached skill level 5 in Long Blades
  4204 | D:4      | Reached skill level 3 in Slings
  4204 | D:4      | Reached skill level 2 in Throwing
  4204 | D:4      | Reached skill level 4 in Stealth
  4204 | D:4      | Reached XP level 6. HP: 40/41 MP: 6/6
  4204 | D:4      | Reached XP level 7. HP: 44/45 MP: 7/7
  4310 | D:4      | Got a pair of crude gloves
  4316 | D:4      | Identified the +0 pair of gloves "Earthly Heaven" {Int+4} (You found it on level 4 of the Dungeon)
  4373 | D:4      | Reached XP level 8. HP: 51/51 MP: 8/8
  4416 | D:4      | Reached skill level 4 in Dodging
  4443 | D:4      | Noticed Robin
  4459 | D:4      | Killed Robin
  4461 | D:4      | Reached *** piety under Trog
  4468 | D:4      | Reached skill level 3 in Throwing
  4491 | D:4      | HP: 11/51 [worker ant (8)]
  4492 | D:4      | HP: 3/51 [orc wizard/magic dart (9)]
  4493 | D:4      | Slain by a worker ant

Vault maps used:
D:1:      tarquinn_simple_flora_water_d, minmay_door_square, dk_noncrumbling_3
D:2:      nicolae_ru_great_annihilating_truth
D:4:      lemuel_crystal_altar, first_ration, uniq_pikel, uniq_robin

Skill      XL: |  1  2  3  4  5  6  7  8 |
---------------+-------------------------+-----
Stealth        | 1 2 4 |  4.2
Throwing       | 1 2 3 |  3.0
Slings         | 1 3 |  3.9
Short Blades   | 1 3 |  3.0
Dodging        | 3 4 |  4.0
Long Blades    | 5 |  5.3
Fighting       | |  2.6
Armour         | |  2.1

Action                   |  1- 3 |  4- 6 |  7- 9 || total
-------------------------+-------+-------+-------++-------
Melee: Falchion          |    58 |   191 |    64 ||   313
       Dagger            |       |    12 |       ||    12
 Fire: Hunting sling     |    19 |    39 |       ||    58
Invok: Berserk           |     1 |    10 |     2 ||    13
       Trog's Hand       |       |     1 |     2 ||     3
 Stab: Sleeping          |     1 |     2 |       ||     3
       Paralysed         |       |     1 |       ||     1
  Eat: Chunk             |       |    17 |     3 ||    20
       Ration            |       |     1 |       ||     1
Armor: Animal skin       |    10 |    25 |     7 ||    42
Dodge: Dodged            |    49 |   183 |    69 ||   301
       Rpst.: Falchion   |    17 |    57 |    21 ||    95

Table legend:
 A = Spawn XP
 B = Non-spawn XP
 C = Spawn XP percentage of total XP
 D = Spawn monster count
 E = Non-spawn monster count
 F = Spawn count percentage of total count
 G = Total turns spent on level
                    A         B        C        D         E        F      G
               +---------+---------+-------+---------+---------+-------+---------
         Total |       0 |    1121 |   0.0 |       0 |      95 |   0.0 |  4493
               +---------+---------+-------+---------+---------+-------+---------
           D:1 |       0 |      36 |   0.0 |       0 |      20 |   0.0 |   989
           D:2 |       0 |     144 |   0.0 |       0 |      39 |   0.0 |  1413
           D:3 |       0 |      58 |   0.0 |       0 |      15 |   0.0 |  1710
           D:4 |       0 |     883 |   0.0 |       0 |      21 |   0.0 |   381
               +---------+---------+-------+---------+---------+-------+---------

Vault maps used:
D:1:      tarquinn_simple_flora_water_d, minmay_door_square, dk_noncrumbling_3
D:2:      nicolae_ru_great_annihilating_truth
D:4:      lemuel_crystal_altar, first_ration, uniq_pikel, uniq_robin

Table legend:
 A = Turns spent in this place as a percentage of turns spent in the entire game.
 B = Non-inter-level travel turns spent in this place as a percentage of non-inter-level travel turns spent in the entire game.
 C = Inter-level travel turns spent in this place as a percentage of turns spent in this place.
 D = Turns resting spent in this place as a percentage of non-inter-level travel turns spent in this place.
 E = Turns spent auto-exploring this place as a percentage of non-inter-level travel turns spent in this place.
 F = Non-inter-level travel turns spent in this place divided by the number of levels of this place that you've seen.
                   A       B       C       D       E      F
               +-------+-------+-------+-------+-------+----------------------
         Total | 100.0 | 100.0 |   4.1 |  41.0 |  31.0 | 1077.5
       Dungeon | 100.0 | 100.0 |   4.1 |  41.0 |  31.0 | 1077.5
               +-------+-------+-------+-------+-------+----------------------

Table legend:
 A = Kills in this place as a percentage of kills in entire the game.
 B = Kills by you in this place as a percentage of kills by you in the entire game.
 C = Kills by friends in this place as a percentage of kills by friends in the entire game.
 D = Other kills in this place as a percentage of other kills in the entire game.
 E = Experience gained in this place as a percentage of experience gained in the entire game.
 F = Experience gained in this place divided by the number of levels of this place that you have seen.
                   A       B       C       D       E      F
               +-------+-------+-------+-------+-------+----------------------
         Total | 100.0 | 100.0 |   N/A |   N/A | 100.0 | 280.2
       Dungeon | 100.0 | 100.0 |   N/A |   N/A | 100.0 | 280.2
               +-------+-------+-------+-------+-------+----------------------
